 Dungeon Crawl Stone Soup version 0.29-a0-304-gb34f9e133a (webtiles) character file.

Game seed: 14724023058406792387

6402 Bnni the Knight (level 10, -2/87 HPs)
             Began as a Demonspawn Fighter on Mar 26, 2022.
             Was a Priest of Okawaru.
             Slain by an orc warlord
             ... wielding a +1 great mace of protection
              (27 damage)
             ... in a bailey.
             The game lasted 00:28:08 (10648 turns).

Bnni the Knight (Demonspawn Fighter)               Turns: 10648, Time: 00:28:09

Health: -2/87      AC: 20    Str: 21    XL:     10   Next: 66%
Magic:  19/19      EV:  8    Int: 15    God:    Okawaru [***...]
Gold:   442        SH:  7    Dex: 13    Spells: 9/9 levels left

rFire   . . .      SeeInvis .   k - +7 dagger (venom)
rCold   . . .      Faith    .   c - +1 buckler
rNeg    . . .      Spirit   .   r - +0 plate armour
rPois   .          Reflect  .   (no helmet)
rElec   .          Harm     .   (no cloak)
rCorr   .          Rampage  .   (no gloves)
Will    .....                   l - +0 pair of boots
Stlth   ..........              (no amulet)
HPRegen 0.24/turn               t - +6 ring of intelligence
MPRegen 0.16/turn               e - +4 ring of protection

@: heroic, hasted, studying Invocations, very quick
A: claws 1, rugged brown scales 1, (demonic guardian 1), ignite blood 2
a: Renounce Religion, Heroism


You were in a bailey.
You worshipped Okawaru.
Okawaru was most pleased with you.
You visited 2 branches of the dungeon, and saw 10 of its levels.
You also visited: Sewer and Bailey.

You collected 512 gold pieces.
You spent 70 gold pieces at shops.

Inventory:

Hand Weapons
 b - a +0 trident
 k - a +7 dagger of venom (weapon)
 p - the +5 hand axe "Lokk" {freeze, rElec}
   (You found it on level 5 of the Dungeon)

   It freezes those it strikes, dealing additional cold damage.
   It can also slow down cold-blooded creatures.
   rElec:     It insulates you from electricity.
 F - a +3 falchion
Missiles
 j - 17 poisoned darts (quivered)
 G - a curare-tipped dart
Armour
 c - a +1 buckler (worn)
 l - a +0 pair of boots (worn)
 r - a +0 plate armour (worn)
 H - a +0 kite shield
Jewellery
 e - a +4 ring of protection (right claw)
 t - a +6 ring of intelligence (left claw)
Wands
 a - a wand of acid (5)
 v - a wand of iceblast (13)
 D - a wand of paralysis (9)
 E - a wand of flame (19)
Scrolls
 g - 2 scrolls of enchant weapon
 h - 2 scrolls of enchant armour
 i - 3 scrolls of blinking
 q - 2 scrolls of fog
 s - a scroll of fear
 z - 4 scrolls of teleportation
 B - 2 scrolls of magic mapping
 I - a scroll of holy word {unknown}
Potions
 f - a potion of mutation {unknown}
 m - 2 potions of brilliance
 n - 4 potions of curing
 o - a potion of ambrosia
 u - 3 potions of haste
 x - a potion of degeneration {unknown}
 A - 2 potions of magic


   Skills:
 + Level 10.0(15.0) Fighting
 * Level 10.1(15.1) Long Blades
 - Level 3.5(8.5) Armour
 - Level 2.0(7.0) Dodging
 + Level 2.6(7.6) Shields
 - Level 12.0 Invocations


You had 9 spell levels left.
You didn't know any spells.
Your spell library contained the following spells:

 Spells                   Type           Power      Damage    Failure   Level
 Apportation              Tloc           0%         N/A       99%         1
 Foxfire                  Conj/Fire      0%         2x1d4     99%         1
 Shock                    Conj/Air       0%         1d3       99%         1
 Static Discharge         Conj/Air       0%         N/A       100%        2
 Sublimation of Blood     Necr           0%         N/A       100%        2
 Wereblood                Tmut           0%         N/A       100%        2
 Conjure Flame            Conj/Fire      0%         6-21      100%        3
 Inner Flame              Hex/Fire       0%         N/A       100%        3
 Swiftness                Air            0%         N/A       100%        3
 Airstrike                Air            0%         N/A       100%        4
 Dispel Undead            Necr           0%         3d6       100%        4
 Flame Wave               Conj/Fire      0%         2d4       100%        4
 Sticky Flame             Conj/Fire      0%         2d3       100%        4
 Alistair's Intoxication  Tmut/Pois      0%         N/A       100%        5
 Borgnjor's Vile Clutch   Necr/Erth      0%         N/A       100%        5
 Storm Form               Tmut/Air       0%         N/A       100%        7
 Maxwell's Capacitive Co  Air            0%         ∞         100%        8
 Animate Dead             Necr           Unusable   N/A       N/A         4
 Summon Lightning Spire   Summ/Air       Unusable   N/A       N/A         4
 Death Channel            Necr           Unusable   N/A       N/A         6
 Summon Hydra             Summ           Unusable   N/A       N/A         7

Dungeon Overview and Level Annotations

Branches:
Dungeon (9/15)             Temple (1/1) D:6             Orc (0/2) D:9
  Sewer (visited)          Bailey (1/1)
   Lair: D:8-11

Altars:
Dithmenos
Gozag
Kikubaaqudgha
Makhleb
Nemelex Xobeh
Okawaru
Ru
Uskayaw
Vehumet
Yredelemnul
Zin
Beogh

Shops:
D:4 *   D:6 *[


Innate Abilities, Weirdness & Mutations

You have sharp fingernails.
You are partially covered in rugged brown scales. (AC +1, +3% HP)
((A weak demonic guardian rushes to your aid.))
Your demonic aura often causes spilled blood to erupt in flames.


Message History

You hit the orc warlord but do no damage.
The orc warlord is moderately wounded.
You hit the orc warlord.
The orc warlord is moderately wounded.
You puncture the orc warlord!
The orc warlord looks as sick as possible!
The orc warlord is heavily wounded.
The orc warlord is engulfed in blazing flames.
The orc warlord hits you with a +1 great mace of protection!
You hit the orc warlord.
The orc warlord looks as sick as possible!
The orc warlord is severely wounded.
You hit the orc warlord but do no damage.
The orc warlord is severely wounded.
You closely miss the orc warlord.
The orc warlord is severely wounded.
The orc warlord is engulfed in blazing flames.
The orc warlord hits you with a +1 great mace of protection!
You hit the orc warlord.
The orc warlord looks as sick as possible!
The orc warlord is severely wounded.
You hit the orc warlord.
The orc warlord looks as sick as possible!
The orc warlord is severely wounded.
You closely miss the orc warlord.
The orc warlord is severely wounded.
You block the orc warlord's attack.
You hit the orc warlord.
The orc warlord is severely wounded.
You hit the orc warlord but do no damage.
The orc warlord looks as sick as possible!
The orc warlord is almost dead.
The orc warlord hits you with a +1 great mace of protection!!
* * * LOW HITPOINT WARNING * * *
You feel much better.
You hit the orc warlord.
The orc warlord looks as sick as possible!
The orc warlord is almost dead.
The orc warlord hits you with a +1 great mace of protection!!
You die...

#.### ###.### ....###
###.....###
......###.........##
.......#...........#
......))...........#
.⌠....)#)....⌠.....#
.......#.).........#
.......#.......)☼..#
......###......°@o###
....###.###.....#)#.###
#.###
...###.###.....### ###
..og ###.........## .#
..... #8..........# .#
......#8..........# .#
o.....o.....⌠....∩# .#
g....o#8..........# .#
.....##8..........#


You could see an orc warlord (extremely poisoned).

Vanquished Creatures
  An orc knight (Bailey)
  Psyche (D:8)
  A wyvern (D:7)
  The ghost of Dabor the Chopper, an amateur HOMo (D:3)
  A steam dragon (D:7)
  3 acid dragons (D:8)
  Pargi (Sewer)
  12 orc warriors
  An ice beast (D:6)
  4 black bears
  3 ogres
  2 centaurs
  4 kobold brigands
  7 bullfrogs
  A necrophage (D:4)
  A gnoll sergeant (D:8)
  3 scorpions
  14 wights
  5 killer bees (D:6)
  A crimson imp (D:6)
  A centaur zombie (D:8)
  2 hounds
  A jelly (D:4)
  A gnoll shaman (D:7)
  2 orc priests
  Jessica (D:2)
  4 iguanas
  Natasha (twice) (D:4)
  2 orc wizards
  A howler monkey zombie (D:8)
  18 gnolls
  7 adders
  A river rat (D:6)
  An ufetubus (D:5)
  A worm (D:4)
  A dart slug (D:4)
  33 orcs
  A ball python (D:6)
  13 bats
  4 endoplasms
  3 giant cockroaches (D:2)
  20 goblins
  19 hobgoblins
  11 kobolds
  3 quokkas
  2 frilled lizards
  6 rats
228 creatures vanquished.

Notes
Turn   | Place    | Note
-------+----------+-------------------------------------------
     0 | D:1      | Bnni the Demonspawn Fighter began the quest for the Orb.
     0 | D:1      | Reached XP level 1. HP: 18/18 MP: 1/1
   164 | D:1      | Gained mutation: You have sharp fingernails. [demonic
                  | ancestry]
   164 | D:1      | Reached XP level 2. HP: 24/24 MP: 2/2
   649 | D:2      | Found a sparkling altar of Nemelex Xobeh.
  1074 | D:2      | Gained mutation: Your demonic aura sometimes causes spilled
                  | blood to erupt in flames. [demonic ancestry]
  1074 | D:2      | Reached XP level 3. HP: 29/29 MP: 3/3
  1231 | D:2      | Noticed Jessica
  1238 | D:2      | Killed Jessica
  1649 | D:3      | Gained mutation: You are partially covered in rugged brown
                  | scales. (AC +1, +3% HP) [demonic ancestry]
  1649 | D:3      | Reached XP level 4. HP: 30/38 MP: 4/4
  2436 | D:3      | Found a hide-covered altar of Uskayaw.
  2466 | D:3      | Found a runed translucent door.
  2472 | D:3      | Noticed Dabor's ghost (amateur HOMo)
  2498 | D:3      | Killed Dabor's ghost
  2499 | D:3      | Gained mutation: Your demonic aura often causes spilled
                  | blood to erupt in flames. [demonic ancestry]
  2499 | D:3      | Reached XP level 5. HP: 16/44 MP: 5/5
  2780 | D:4      | Reached XP level 6. HP: 50/50 MP: 6/6
  2949 | D:4      | Reached skill level 5 in Long Blades
  3169 | D:4      | Reached skill level 5 in Fighting
  3416 | D:4      | Reached XP level 7. HP: 57/57 MP: 7/7
  3475 | D:4      | Found Temeef's General Store.
  3683 | D:4      | Noticed Natasha
  3687 | D:4      | Killed Natasha
  3831 | D:5      | Entered Level 5 of the Dungeon
  3844 | D:5      | Found a shadowy altar of Dithmenos.
  3874 | D:5      | Identified the +5 hand axe "Lokk" {freeze, rElec}
  4054 | D:4      | Noticed Natasha
  4057 | D:4      | Killed Natasha
  4141 | D:5      | Reached XP level 8. HP: 61/65 MP: 8/8
  4573 | D:6      | Found a radiant altar of Vehumet.
  4578 | D:6      | Found a sparkling altar of Nemelex Xobeh.
  5015 | D:6      | Found a staircase to the Ecumenical Temple.
  5026 | Temple   | Entered the Ecumenical Temple
  5047 | Temple   | Became a worshipper of Warmaster Okawaru
  5163 | D:6      | Found a glowing drain.
  5174 | Sewer    | Entered a sewer
  5224 | Sewer    | Noticed Pargi
  5235 | Sewer    | Killed Pargi
  5478 | D:6      | Found Iweow's Armour Shoppe.
  5508 | D:6      | Reached skill level 1 in Invocations
  5510 | D:6      | Gained mutation: A weak demonic guardian rushes to your
                  | aid. [demonic ancestry]
  5510 | D:6      | Reached XP level 9. HP: 34/73 MP: 8/10
  5512 | D:6      | Reached skill level 2 in Invocations
  5527 | D:6      | Reached * piety under Okawaru
  5833 | D:6      | Reached skill level 3 in Invocations
  5909 | D:6      | Found Soits's Assorted Antiques.
  5917 | D:6      | Bought a scroll labelled DIGRAOHAKA for 37 gold pieces
  5917 | D:6      | Bought a white potion for 33 gold pieces
  5917 | D:6      | Acquired a manual of Invocations
  5990 | D:6      | Found an opulent altar of Gozag.
  5995 | D:6      | Reached skill level 4 in Invocations
  6045 | D:6      | Found a burning altar of Makhleb.
  6323 | D:6      | Reached skill level 5 in Invocations
  6459 | D:7      | Reached skill level 6 in Invocations
  6561 | D:7      | Reached skill level 7 in Invocations
  6565 | D:7      | Reached skill level 8 in Invocations
  7062 | D:7      | Found an ancient bone altar of Kikubaaqudgha.
  7068 | D:7      | Reached ** piety under Okawaru
  7412 | D:8      | Noticed Psyche
  7458 | D:7      | Reached skill level 1 in Dodging
  7458 | D:7      | Reached skill level 9 in Invocations
  7531 | D:8      | Paralysed by Psyche for 7 turns
  7541 | D:8      | Killed Psyche
  7777 | D:8      | Reached XP level 10. HP: 60/85 MP: 17/17
  8067 | D:8      | Found a basalt altar of Yredelemnul.
  8225 | D:8      | Reached skill level 10 in Invocations
  9649 | D:9      | Reached skill level 11 in Invocations
  9857 | D:9      | Found a flagged portal.
  9950 | Bailey   | Entered a bailey
 10225 | Bailey   | Reached *** piety under Okawaru
 10226 | Bailey   | Reached skill level 12 in Invocations
 10301 | Bailey   | Noticed an orc knight
 10329 | Bailey   | Killed an orc knight
 10330 | Bailey   | Reached skill level 10 in Long Blades
 10595 | Bailey   | Noticed an orc warlord
 10635 | Bailey   | Reached skill level 10 in Fighting
 10648 | Bailey   | Slain by an orc warlord

Illustrated notes

Levels and vault maps discovered:
D:1:      dpeg_arrival_boxorama, layout_rooms
D:2:      layout_basic, basic_altar, uniq_jessica
D:3:      layout_rooms, pf_just_have_faith, ebering_ghost_reflecting_pool,
          chequers_decorated_corner, grunt_decor_arrowhead,
          roderic_roman_lattice, lemuel_flame_loot_1
D:4:      minmay_wonky_spiral, layout_basic, serial_shops,
          nicolae_stop_n_shop_1, uniq_natasha
D:5:      layout_loops_ring, nicolae_dithmenos_the_darkroom
D:6:      layout_loops_corners, grunt_temple_overflow_gold_and_silver,
          makhleb_grotto_becter, minitemple, minmay_temple_entry_slanted,
          serial_shops, nicolae_stop_n_shop_2, shop,
          cheibrodos_sewer_entry_sluice
D:7:      layout_rooms, kiku_gazebo_pond_becter
D:8:      layout_basic, lemuel_zombie_altar_yredelemnul, uniq_psyche
D:9:      layout_grid_maze, mainiacjoe_overflow_six_doors_small, orc_0_dummy,
          enter_bailey_4, special_room [special_room_orc], uniq_erica
Temple:   minmay_temple_curvy_loop
Bailey:   bailey_axe_minmay_hex_keep, bailey

Skill      XL: |  1  2  3  4  5  6  7  8  9 10 |
---------------+-------------------------------+-----
Long Blades    | 2 3 4 5 7 8 9 10 | 10.1
Fighting       | 4 5 6 7 9 10 | 10.0
Invocations    | 1 9 12 | 12.0
Armour         | 3 |  3.5
Dodging        | 1 2 |  2.0
Shields        | |  2.6

Action                   |  1- 3 |  4- 6 |  7- 9 | 10-12 || total
-------------------------+-------+-------+-------+-------++-------
Melee: Long sword        |    67 |     6 |       |       ||    73
       Dagger            |     6 |    81 |   229 |   273 ||   589
       Hand axe          |       |       |    52 |    18 ||    70
       Unarmed           |       |       |     1 |       ||     1
       Falchion          |       |       |       |    13 ||    13
Throw: Throwing net      |       |       |     2 |     3 ||     5
       Dart              |       |       |       |     1 ||     1
Invok: Heroism           |       |       |     2 |     4 ||     6
Evoke: Wand              |       |       |     1 |       ||     1
  Use: Potion            |       |     1 |     3 |     8 ||    12
       Scroll            |       |     8 |     6 |     2 ||    16
 Stab: Held in net/web   |       |       |     1 |       ||     1
       Invisible         |       |       |       |     4 ||     4
Armor: Scale mail        |    31 |    25 |    11 |       ||    67
       Plate armour      |       |       |   186 |   151 ||   337
Dodge: Dodged            |    32 |    24 |    81 |    86 ||   223
Block: Buckler           |     8 |    20 |    77 |    74 ||   179

Table legend: (Time is in decaauts)
 A = Elapsed time spent in this place.
 B = Non-inter-level travel time spent in this place.
 C = Inter-level travel time spent in this place.
 D = Time resting spent in this place.
 E = Time spent auto-exploring this place.
 F = Levels seen in this place.
 G = Mean time per level.
                   A        B        C        D        E       F      G
               +--------+--------+--------+--------+--------+-----+--------+
         Total |  10548 |  10212 |    336 |   2861 |   5564 |  12 |  879.0 |
       Dungeon |   9756 |   9430 |    326 |   2468 |   5457 |   9 | 1084.0 |
        Temple |     39 |     29 |     10 |      0 |      0 |   1 |   39.0 |
         Sewer |    101 |    101 |      0 |      0 |     48 |   1 |  101.0 |
        Bailey |    651 |    651 |      0 |    393 |     59 |   1 |  651.0 |
               +--------+--------+--------+--------+--------+-----+--------+

Top non-repeatable levels by time:
     D:8: 2076 daAuts
     D:6: 1569 daAuts
     D:2: 1199 daAuts
     D:7: 1072 daAuts
     D:4: 1067 daAuts
     D:3: 1025 daAuts
     D:5: 867 daAuts
  Bailey: 651 daAuts
     D:1: 571 daAuts
     D:9: 306 daAuts
   Sewer: 101 daAuts
  Temple: 39 daAuts
